Map: Abyssal Reef LE

Players

PengWin

  • Race: Zerg Zerg
  • Spawn Location: 5:00

xKawaiian - Winner!

  • Race: Terran Terran
  • Spawn Location: 11:00

Event: WCS Austin 2017

VOD

Have the link to the VOD?

Description

Time

  • Played on: April 28, 2017, 2:26 p.m.
  • Length: 11:24

All games in this series

Show
View Real Time Build Order
Export as new Build Order

PengWin Zerg 

Build Orders: Hatch First 

Get SALT Encoding   

  12  0:01  Drone  
  13  0:13  Overlord  
  13  0:17  Drone  
  14  0:31  Drone x2  
  14  0:35  Drone  
  17  0:53  Hatchery  
  17  0:55  Drone  
  17  0:58  Drone  
  17  1:01  Extractor  
  17  1:13  Spawning Pool  
  17  1:18  Drone  
  17  1:19  Drone  
  18  1:28  Drone  
  19  1:39  Overlord  
  19  1:59  Queen  
  19  2:00  Metabolic Boost  
  21  2:02  Zergling x4  
  21  2:04  Queen  
  21  2:08  Drone  
  26  2:11  Drone  
  27  2:17  Drone  
  28  2:23  Drone  
  28  2:27  Drone  
  30  2:33  Drone  
  30  2:35  Queen  
  33  2:38  Overlord  
  33  2:50  Overlord, Baneling Nest  
  32  2:54  Evolution Chamber  
  32  3:04  Drone x2  
  32  3:05  Drone  
  35  3:10  Drone x5  
  40  3:19  Zerg Ground Armor Level 1  
  40  3:21  Overlord  
  40  3:28  Queen  
  40  3:31  Extractor  
  41  3:34  Overlord  
  41  3:42  Drone x3  
  41  3:43  Drone x2  
  41  3:45  Drone  
  47  3:54  Zergling x8  
  51  3:56  Pneumatized Carapace  
  51  4:05  Zergling x6  
  54  4:14  Zergling x8, Baneling Nest  
  57  4:21  Zergling x4  
  57  4:22  Zergling x2  
  60  4:35  Overlord x2  
  60  4:53  Zergling x12  
  60  4:55  Zergling x6  
  60  4:57  Queen  
  60  4:59  Spore Crawler  
  69  5:04  Baneling x3  
  69  5:05  Baneling x5  
  69  5:08  Drone  
  68  5:16  Zergling x2  
  35  5:45  Drone x8  
  36  5:51  Zergling x4  
  33  6:13  Drone x4  
  37  6:21  Zerg Melee Weapons Level 1  
  37  6:30  Queen  
  39  6:40  Drone x3  
  39  6:41  Drone x3  
  45  6:52  Zergling x2  
  45  6:53  Zergling x6  
  49  6:56  Zergling x2  
  49  6:57  Zergling x4  
  50  7:06  Queen  
  49  7:19  Drone x6  
  49  7:22  Lair  
  55  7:24  Extractor  
  53  7:34  Drone  
  53  7:35  Drone, Extractor  
  54  7:41  Baneling x3  
  54  7:48  Drone x6, Extractor  
  58  7:58  Drone x3  
  52  8:18  Drone x2  
  53  8:23  Spire  
  52  8:27  Zergling x16  
  60  8:40  Overlord x2  
  60  8:44  Overlord x2  
  54  9:04  Zergling x10  
  59  9:13  Hatchery  
  58  9:19  Zergling x8  
  62  9:43  Mutalisk  
  62  9:44  Mutalisk x2  
  67  9:47  Overlord x3  
  58  10:02  Baneling x9  
  58  10:03  Baneling x2  
  58  10:24  Zergling x10  
Show
View Real Time Build Order
Export as new Build Order

xKawaiian Terran - Winner!

Build Orders:  

Get SALT Encoding   

  12  0:00  SCV  
  13  0:13  SCV  
  14  0:17  Supply Depot  
  14  0:25  SCV  
  15  0:39  Barracks, SCV  
  16  0:44  Refinery  
  16  0:51  SCV  
  17  1:03  SCV  
  18  1:17  SCV  
  19  1:29  Orbital Command  
  20  1:34  Barracks Reactor  
  19  1:44  Command Center  
  19  1:54  Supply Depot  
  19  1:56  SCV  
  20  2:06  Factory  
  20  2:10  Marine  
  20  2:12  Marine  
  22  2:16  SCV  
  23  2:23  Refinery  
  23  2:28  Marine, SCV  
  25  2:30  Marine  
  26  2:40  SCV  
  28  2:52  Starport  
  28  2:53  SCV  
  28  2:57  Orbital Command  
  27  3:00  Hellion  
  29  3:06  Hellion  
  29  3:09  Barracks Tech Lab  
  29  3:11  SCV  
  32  3:22  Hellion  
  32  3:23  SCV  
  32  3:25  SCV  
  36  3:35  SCV  
  36  3:38  Hellion  
  36  3:41  Banshee  
  42  3:42  SCV  
  42  3:43  Hellion  
  45  3:50  SCV  
  45  3:51  Barracks Tech Lab  
  45  3:52  Supply Depot  
  46  4:05  Supply Depot  
  46  4:08  Supply Depot  
  46  4:13  SCV x2  
  48  4:25  Siege Tank  
  48  4:27  Bunker  
  48  4:30  Bunker  
  51  4:32  Marine  
  51  4:33  Marine  
  51  4:34  Bunker  
  53  4:45  Supply Depot  
  53  4:48  Supply Depot  
  53  4:49  Raven  
  53  4:52  SCV x2  
  57  4:57  Siege Tank  
  60  5:03  Marine x2  
  60  5:04  SCV  
  63  5:15  SCV  
  64  5:21  Marine x2  
  66  5:30  Siege Tank  
  69  5:39  Marine x2  
  50  5:56  SCV  
  51  5:57  Marine x2  
  51  6:02  Siege Tank  
  52  6:15  Marine x2  
  52  6:18  SCV x2  
  52  6:19  Barracks x2  
  53  6:30  SCV  
  54  6:32  Marine  
  54  6:34  SCV  
  54  6:36  Starport Reactor  
  56  6:42  SCV  
  56  6:46  SCV  
  58  6:49  Factory Tech Lab  
  58  6:53  Marine  
  59  6:54  SCV  
  59  6:58  Marine, SCV  
  62  7:02  Engineering Bay  
  62  7:07  SCV  
  63  7:10  SCV  
  63  7:11  Marine  
  63  7:14  Barracks  
  63  7:15  Command Center  
  65  7:16  Refinery, Barracks  
  65  7:19  SCV  
  65  7:22  Marine  
  67  7:23  Marine  
  67  7:24  Marine  
  67  7:25  SCV  
  67  7:27  Refinery  
  66  7:30  Medivac  
  66  7:31  SCV  
  69  7:37  SCV  
  69  7:38  Marine  
  69  7:43  SCV  
  72  7:47  Marine x2  
  74  7:52  SCV  
  74  7:54  Marine  
  74  7:55  Siege Tank  
  74  7:56  Marine  
  74  7:57  SCV  
  81  8:03  Viking  
  81  8:04  SCV  
  82  8:08  Marine x2  
  82  8:09  SCV  
  82  8:12  Barracks Reactor  
  81  8:17  Stimpack  
  80  8:20  SCV  
  80  8:21  SCV  
  80  8:24  Marine  
  80  8:25  Marine  
  84  8:30  Medivac  
  84  8:32  Barracks Reactor, SCV  
  87  8:39  Marine x2  
  89  8:42  Marine x2  
  89  8:45  Medivac  
  91  8:56  Combat Shields, Marine x2  
  91  8:57  Marine x2  
  91  9:00  Marine  
  77  9:02  Medivac  
  96  9:03  Marine  
  96  9:08  SCV  
  100  9:10  Marine  
  101  9:17  Supply Depot  
  101  9:21  Marine x4  
  101  9:22  Supply Depot  
  105  9:31  Marine x2  
  107  9:39  Siege Tank  
  110  9:45  Marine x2  
  110  9:48  Marine  
  110  9:50  Marine  
  110  9:51  Marine  
  110  9:52  Marine  
  112  10:00  Marine x2  
  112  10:03  Orbital Command  
  112  10:06  Marine  
  108  10:11  Siege Tank  
  110  10:16  Marine  
  110  10:19  Marine  
  113  10:21  SCV x2  
  113  10:27  Marine  
  106  10:49  Barracks, SCV  
  93  10:50  Marine x2, SCV  
  90  10:59  Marine  
Tags
 
Add a new tag
Caveats
  • Supply blocks, unpowered buildings, or Contaminate may cause inaccurate times.
  • Supply counts are checked every 10 seconds.